 Dungeon Crawl Stone Soup version 0.27-a0-1590-g15f69828bf (webtiles) character file.

Game seed: 1270456558399953065

150 Sin92 the Skirmisher (level 5, -5/41 HPs)
             Began as a Demonspawn Fighter on July 18, 2021.
             Slain by a sky beast (6 damage)
             ... on level 3 of the Dungeon.
             The game lasted 00:03:31 (2429 turns).

Sin92 the Skirmisher (Demonspawn Fighter)           Turns: 2429, Time: 00:03:31

Health: -5/41      AC:  6    Str: 18    XL:     5   Next: 10%
Magic:  5/5        EV:  7    Int:  9    God:
Gold:   133        SH:  9    Dex: 12    Spells: 4/4 levels left

rFire    . . .     SeeInvis .   a - +0 war axe
rCold    . . .     Faith    .   c - +0 kite shield
rNeg     . . .     Spirit   .   b - +0 scale mail
rPois    .         Reflect  .   (no helmet)
rElec    .         Harm     .   (no cloak)
rCorr    .         Rampage  .   (no gloves)
Will     .....                  (no boots)
Stlth    ..........             (no amulet)
HPRegen  0.13/turn              (no ring)
MPRegen  0.09/turn              (no ring)

@: no status effects
A: claws 1, powered by pain 1
a: no special abilities


You were on level 3 of the Dungeon.
You visited 1 branch of the dungeon, and saw 3 of its levels.

You collected 133 gold pieces.

Inventory:

Hand Weapons
 a - a +0 war axe (weapon)
Armour
 b - a +0 scale mail (worn)
 c - a +0 kite shield (worn)
Wands
 j - a wand of iceblast (5)
 k - a wand of digging (5)
Scrolls
 g - 2 scrolls of amnesia
 h - 2 scrolls of identify
Potions
 d - a potion of resistance
 e - a potion of mutation


   Skills:
 + Level 3.6 Fighting
 * Level 3.1 Axes
 + Level 3.2 Armour
 + Level 1.5 Dodging
 + Level 3.1 Shields


You had 4 spell levels left.
You didn't know any spells.
Your spell library was empty.

Dungeon Overview and Level Annotations

Branches:
Dungeon (3/15)

Altars:

Shops:
D:1 :


Innate Abilities, Weirdness & Mutations

You have sharp fingernails.
You sometimes gain a little power by taking damage.


Message History

Things that are here:
a +0 club; an orc corpse You see here a bat corpse.
The quokka barely misses you.
The quokka bites you but does no damage.
You hit the quokka.
The quokka is moderately wounded.
The quokka bites you. The quokka closely misses you.
You slash the quokka!
You kill the quokka!
It was a potion of heal wounds.
You feel much better.
You hit the sky beast.
The sky beast is lightly wounded.
The sky beast flickers out of sight!
Deactivating autopickup; reactivate with Ctrl-A.
You block something's attack. Something hits you. Something shocks you.
You closely miss something. Something hits you but does no damage.
You miss something.
Something hits you but does no damage. x2
You miss something. You block something's attack. Something hits you.
Something shocks you.
You miss something. Something hits you but does no damage.
You miss something.
Something hits you but does no damage. x2
You closely miss something. Something hits you but does no damage.
Your scale mail prevents you from hitting something.
Something hits you. Something shocks you.
Something hits you but does no damage.
You miss something. Something hits you. Something shocks you.
Something hits you but does no damage.
You hit something.
A sky beast appears from thin air!
Reactivating autopickup.
The sky beast hits you.
* * * LOW HITPOINT WARNING * * *
The sky beast shocks you.
* * * LOW HITPOINT WARNING * * *
You hit the sky beast.
The sky beast is heavily wounded.
The sky beast hits you.
* * * LOW HITPOINT WARNING * * *
The sky beast shocks you.
You die...

..... #### .... .....
... ...... #####.##..
.... ..<.... .. . #.#.#
....########†..#########
.......@Y†)†............
......##################
..... .... ... .. .


You could see a sky beast.

Vanquished Creatures
  Terence (D:2)
  4 gnolls (D:2)
  2 adders (D:3)
  A worm (D:2)
  A dart slug (D:1)
  An orc (D:3)
  3 ball pythons (D:2)
  5 endoplasms
  3 giant cockroaches (D:1)
  6 hobgoblins
  7 quokkas
  9 bats
  5 frilled lizards
  4 goblins
  6 kobolds
  6 rats
64 creatures vanquished.

Notes
Turn   | Place    | Note
-------+----------+-------------------------------------------
     0 | D:1      | Sin92 the Demonspawn Fighter began the quest for the Orb.
     0 | D:1      | Reached XP level 1. HP: 18/18 MP: 1/1
   141 | D:1      | Gained mutation: You sometimes gain a little power by
                  | taking damage. [demonic ancestry]
   141 | D:1      | Reached XP level 2. HP: 24/24 MP: 2/2
   242 | D:1      | Found Tuetatel's Book Boutique.
   874 | D:2      | Reached XP level 3. HP: 29/29 MP: 3/3
  1195 | D:2      | Found a faded altar of an unknown god.
  1235 | D:2      | Reached skill level 1 in Dodging
  1241 | D:2      | Reached XP level 4. HP: 28/35 MP: 4/4
  1536 | D:2      | Noticed Terence
  1548 | D:2      | Killed Terence
  2321 | D:3      | Gained mutation: You have sharp fingernails. [demonic
                  | ancestry]
  2321 | D:3      | Reached XP level 5. HP: 27/41 MP: 5/5
  2410 | D:3      | Noticed a sky beast
  2429 | D:3      | HP: 1/41 [sky beast (3)]
  2429 | D:3      | Slain by a sky beast

Illustrated notes

Levels and vault maps discovered:
D:1:      dpeg_arrival_round_b, layout_basic, serial_shops, shop
D:2:      minmay_inner_zag, layout_loops_ring,
          hellmonk_ecumenical_altar_run_dry, minmay_tromino_v4_c, uniq_terence
D:3:      layout_basic

Skill      XL: |  1  2  3  4 |
---------------+-------------+-----
Axes           | 2 3 |  3.1
Dodging        | 1 |  1.5
Armour         | 3 |  3.2
Shields        | 3 |  3.1
Fighting       | |  3.6

Action                   |  1- 3 |  4- 6 || total
-------------------------+-------+-------++-------
Melee: War axe           |   107 |   103 ||   210
  Use: Scroll            |     1 |     4 ||     5
       Potion            |     1 |     2 ||     3
Armor: Scale mail        |    41 |    58 ||    99
Dodge: Dodged            |    33 |    40 ||    73
Block: Kite shield       |    68 |    63 ||   131

Table legend: (Time is in decaauts)
 A = Elapsed time spent in this place.
 B = Non-inter-level travel time spent in this place.
 C = Inter-level travel time spent in this place.
 D = Time resting spent in this place.
 E = Time spent auto-exploring this place.
 F = Levels seen in this place.
 G = Mean time per level.
                   A        B        C        D        E       F      G
               +--------+--------+--------+--------+--------+-----+--------+
         Total |   2557 |   2508 |     49 |      0 |   1955 |   3 |  852.3 |
       Dungeon |   2557 |   2508 |     49 |      0 |   1955 |   3 |  852.3 |
               +--------+--------+--------+--------+--------+-----+--------+

Top non-repeatable levels by time:
     D:2: 1570 daAuts
     D:1: 534 daAuts
     D:3: 452 daAuts
